 Dungeon Crawl Stone Soup version 0.17-a0-651-g07dd1c5 (webtiles) character file.

6 Sportacus the Caller (level 1, -1/10 HPs)
             Began as a Tengu Summoner on Apr 17, 2015.
             Slain by a hobgoblin
             ... wielding a +0 club
              (2 damage)
             ... on level 1 of the Dungeon.
             The game lasted 00:10:01 (760 turns).

Sportacus the Caller (Tengu Summoner)                Turns: 760, Time: 00:10:01

Health: -1/10      AC:  2    Str:  8    XL:     1   Next: 90%
Magic:  3/4        EV: 12    Int: 15    God:
Gold:   53         SH:  0    Dex: 14    Spells: 1 memorised, 3 levels left

rFire  . . .     SeeInvis .     q - +1 short sword (elec)
rCold  . . .     Clarity  .     a - +0 robe
rNeg   . . .     SustAb   .     (no shield)
rPois  .         Gourm    .     (helmet restricted)
rElec  .         Spirit   .     (no cloak)
rCorr  .         Warding  .     (no gloves)
rMut   .         Stasis   .     (boots unavailable)
MR     .....                    (no amulet)
Stlth  ++........               (no ring)
                                (no ring)

@: not resistant to hostile enchantments, unstealthy
A: beak, talons 3
a: no special abilities


You were on level 1 of the Dungeon.
You were not hungry.

You visited 1 branch of the dungeon, and saw 1 of its levels.

You collected 53 gold pieces.

Inventory:

Hand weapons
 e - a +0 dagger
 f - a +0 club
 i - a +0 spear
 j - a +0 spear
 m - a +0 hunting sling
 n - a +0 whip
 q - a +1 short sword of electrocution (weapon)
 r - a +0 club
 s - a +0 spear
 u - a +0 club
 w - a +0 hand axe
Missiles
 h - 31 stones (quivered)
 l - 24 bolts
 o - 24 sling bullets
Armour
 a - a +0 robe (worn)
Scrolls
 k - a scroll of random uselessness {unknown}
 t - a scroll of identify {unknown}
Potions
 d - a potion of magic {unknown}
 v - a potion of cure mutation {unknown}
Books
 b - a book of Callings

   Spells                             Type                      Level
   a - Summon Small Mammal            Summoning                    1
   b - Call Imp                       Summoning                    2
   c - Call Canine Familiar           Summoning                    3
   d - Summon Guardian Golem          Hexes/Summoning              3
   e - Summon Lightning Spire         Summoning/Air                4
   f - Summon Ice Beast               Ice/Summoning                4
Comestibles
 c - a bread ration
 g - a meat ration
 p - a slice of pizza


   Skills:
 + Level 2.3 Dodging
 + Level 2.0 Stealth
 + Level 2.1 Spellcasting
 + Level 5.0 Summonings


You had 3 spell levels left.
You knew the following spells:

 Your Spells              Type           Power        Failure   Level  Hunger
a - Summon Small Mammal   Summ           ###.         2%          1    #......


Dungeon Overview and Level Annotations

Branches:
Dungeon (1/15)

Altars:


Innate Abilities, Weirdness & Mutations

You have a beak for a mouth.
You have claws for feet.


Message History

Your bat dies!
Your bat's corpse disappears in a puff of smoke!
You barely miss the hobgoblin.
You claw the hobgoblin, but do no damage.
You peck the hobgoblin, but do no damage.
The hobgoblin is moderately wounded.
Your bat hits the hobgoblin but does no damage.
Your bat closely misses the hobgoblin.
The hobgoblin closely misses you.
You closely miss the hobgoblin.
The hobgoblin is moderately wounded.
Your bat disappears in a puff of smoke!
The hobgoblin hits you with a club.
* * * LOW HITPOINT WARNING * * *
You are too injured to fight recklessly!
Casting: Summon Small Mammal
Confirm with . or Enter, or press ? or * to list all spells.
The hobgoblin hits you with a club.
* * * LOW HITPOINT WARNING * * *
The hobgoblin hits you with a club.
You die...

##.....#..#
###########.........#
.........§.....#.#..#
....≈§≈≈§§..........#
...≈≈≈≈§≈≈.......#.#######
...§≈§>$≈≈......§........#
...≈≈§≈§≈≈....##.§>....#.######
....≈≈§§§......g....#...........
..............##@#r......#
###########...##.#..##...# ###
#...##.............# ..#
#...##...####.###### ..#
#...###### #.############
..#####...###### #.....##.....#
>..............####.....##.....#
...............................#
...............#...............#


You could see a hobgoblin.

Vanquished Creatures
  2 bats (D:1)
  A goblin (D:1)
  A kobold (D:1)
4 creatures vanquished.

Vanquished Creatures (collateral kills)
  A bat (D:1)
  3 kobolds (D:1)
4 creatures vanquished.

Vanquished Creatures (others)
  A bat (D:1)
1 creature vanquished.

Grand Total: 9 creatures vanquished

Notes
Turn   | Place    | Note
--------------------------------------------------------------
     0 | D:1      | Sportacus, the Tengu Summoner, began the quest for the Orb.
     0 | D:1      | Reached XP level 1. HP: 10/10 MP: 4/4
   602 | D:1      | Reached skill level 5 in Summonings
   760 | D:1      | Slain by a hobgoblin

Action                   || total
-------------------------++-------
Melee: Short sword       ||     9
       Unarmed           ||     8
       Spear             ||     6
 Cast: Summon Small Mamm ||    14
